cohdb
Replays
Latest Replays
All Replays
Popular Replays
Top Player Replays
Match Explorer
How It Works
Community
CoH3 Stats
Reddit
Sign in to upload your games and track your stats! →
Sign in with Steam
Match 45967006
Unlisted
Match 45967006
Overview
Messages
Build Orders
End
Engineer Squad
Selects Armored Battlegroup
Selects Assault Engineers
Assault Engineer Squad
Construct Barracks
M1 Mortar Team
Construct Medical Station
Infantry Support Center
Riflemen Squad
Construct Motor Pool
M8 Greyhound Armored Car
Assault Engineer Squad
M8 Greyhound Armored Car
Selects Strength in Steel
M1 Anti-tank Gun Team
M1 Anti-tank Gun Team
TwistedTootsy
Stormless
Grunka Lunka
Qhunter
VIOLATION
็็็็็็็็็็
0
0
Comments
sign in to comment!
No comments posted yet!